 Dungeon Crawl Stone Soup version 0.26-a0-850-g97a50ab700 (webtiles) character file.

Game seed: 13973412941379399094

2927 science1 the Cleaver (level 9, -9/78 HPs)
             Began as a Hill Orc Gladiator on Nov 19, 2020.
             Was a Believer of Uskayaw.
             Mangled by Harold
             ... wielding a +0 mace of venom
              (11 damage)
             ... on level 7 of the Dungeon on Nov 21, 2020.
             The game lasted 01:06:07 (5992 turns).

science1 the Cleaver (Hill Orc Gladiator)           Turns: 5992, Time: 01:06:08

Health: -9/78      AC:  8    Str: 20    XL:     9   Next: 79%
Magic:  9/9        EV: 11    Int: 16    God:    Uskayaw [**....]
Gold:   292        SH:  4    Dex: 12    Spells: 8/8 levels left

rFire    + . .     SeeInvis .   N - +2 whip (freeze)
rCold    . . .     Faith    .   K - +0 buckler
rNeg     . . .     Spirit   .   U - +1 scale mail "March" {rElec rC+}
rPois    .         Reflect  .   c - +2 helmet
rElec    +         Harm     .   (no cloak)
rCorr    .         Rampage  .   m - +0 pair of gloves
MR       .....     Clarity  +   (no boots)
Stlth    +.........             q - amulet of regeneration
HPRegen  0.63/turn              h - ring of fire
MPRegen  0.11/turn              F - +6 ring of intelligence

@: mighty, lethally poisoned (-9 -> -29), corroded, attractive, flying
A: blink, clarity, clever 1
a: Blink, Stomp, Line Pass, Renounce Religion


You were on level 7 of the Dungeon.
You worshipped Uskayaw.
Uskayaw was noncommittal.
You visited 2 branches of the dungeon, and saw 8 of its levels.

You collected 292 gold pieces.

Inventory:

Hand Weapons
 w - a +0 war axe
 A - a +3 short sword
 C - a +0 hunting sling
 N - a +2 whip of freezing (weapon)
 V - a cursed +0 rapier
 W - a +3 mace
 X - a +4 flail of freezing
Missiles
 d - 2 throwing nets
 i - 7 javelins (quivered)
 l - 323 stones
 S - 19 sling bullets
 Z - 3 boomerangs
Armour
 c - a +2 helmet (worn)
 m - a +0 pair of gloves (worn)
 K - a +0 buckler (worn)
 T - a +0 plate armour
 U - the +1 scale mail "March" (worn) {rElec rC+}
   (You found it on level 7 of the Dungeon)

   It protects you from cold.
   It insulates you from electricity.
Jewellery
 h - a ring of fire (left hand)
 q - an amulet of regeneration (around neck)
 F - a +6 ring of intelligence (right hand)
 G - an uncursed ring of protection from magic
 O - an uncursed ring of protection from cold
Wands
 D - a wand of paralysis (1)
 L - a wand of acid (9)
Scrolls
 g - 2 scrolls of remove curse
 j - a scroll of enchant armour
 n - 3 scrolls of immolation
 o - 4 scrolls of amnesia
 p - 3 scrolls of teleportation
 r - 2 scrolls of fear {unknown}
 t - a scroll of fog {unknown}
 u - a scroll of random uselessness {unknown}
 E - a scroll of identify
 J - 2 scrolls of enchant weapon {unknown}
Potions
 B - a potion of might
 I - a potion of cancellation {unknown}
 M - a potion of curing {unknown}
 P - a potion of berserk rage {unknown}
 Q - a potion of lignification {unknown}
 R - a potion of ambrosia {unknown}
 Y - a potion of resistance {unknown}


   Skills:
 + Level 6.8 Fighting
 + Level 9.3(9.7) Axes
 + Level 3.2(5.9) Maces & Flails
 + Level 5.1(5.5) Slings
 + Level 2.9(4.4) Throwing
 + Level 5.3 Armour
 + Level 3.8 Dodging
 + Level 2.8 Stealth
 + Level 1.4 Shields


You had 8 spell levels left.
You didn't know any spells.
Your spell library was empty.

Dungeon Overview and Level Annotations

Branches:
Dungeon (7/15)             Temple (1/1) D:5

Altars:
Ashenzari
Cheibriados
Elyvilon
Gozag
Hepliaklqana
Kikubaaqudgha
Nemelex Xobeh
Qazlal
Trog
Uskayaw
Zin
The Shining One

Shops:
D:5 [   D:6 [

Annotations:
D:7 Harold


Innate Abilities, Weirdness & Mutations

You can translocate small distances at will.
You possess an exceptional clarity of mind.
Your mind is acute. (Int +2)


Message History

* * * LOW HITPOINT WARNING * * *
You are lethally poisoned!
It was a potion of attraction.
You feel attractive to monsters.
* * * LOW HITPOINT WARNING * * *
You feel very sick. Harold barely misses you.
It was a potion of flight.
You feel very buoyant.
You fly up into the air.
* * * LOW HITPOINT WARNING * * *
You feel very sick.
Harold hits you with a +0 mace of venom.
* * * LOW HITPOINT WARNING * * *
It was a potion of mutation.
You feel extremely strange.
You feel clever.
You feel jittery.
Your thoughts seem clearer.
* * * LOW HITPOINT WARNING * * *
You feel very sick.
Harold hits you with a +0 mace of venom!
You die...

######## #.(>...
#...... #.....
....# #.# ...#
##.## #@.# ...#
#@.# #..# #(.#
#..#
#..############..#
#................#
#................[
#.#########.....#.
#.# #.##.##) #.#
#. #)##.
#.#########. #....


You could see Harold.

Vanquished Creatures
  Pikel (D:5)
  3 phantoms
  A necrophage (D:6)
  An orc warrior (D:7)
  An ogre (D:4)
  A centaur (D:6)
  4 lemures (Temple)
  Blork the orc (D:6)
  3 bullfrogs
  A water moccasin zombie (D:6)
  9 wights (D:7)
  6 howler monkeys
  A bullfrog zombie (D:6)
  2 jellies
  3 orc priests
  A gnoll shaman (D:4)
  3 hounds
  3 iguanas
  2 bullfrog skeletons
  Ijyb (D:3)
  9 worker ants
  A hound zombie (D:6)
  A hound skeleton (D:5)
  A howler monkey zombie (D:7)
  10 adders
  4 gnolls (D:4)
  2 shadow imps
  An ooze (D:5)
  3 worms
  An adder skeleton (D:4)
  2 dart slugs
  8 leopard geckos
  12 orcs
  12 giant cockroaches
  8 goblins
  9 hobgoblins
  6 jackals (D:1)
  2 quokkas
  2 ball pythons
  2 bats
  2 frilled lizards
  9 kobolds
  A quokka skeleton (D:5)
  8 rats
164 creatures vanquished.

Notes
Turn   | Place    | Note
-------+----------+-------------------------------------------
     0 | D:1      | science1 the Hill Orc Gladiator began the quest for the
                  | Orb.
     0 | D:1      | Reached XP level 1. HP: 18/18 MP: 1/1
   257 | D:1      | Reached XP level 2. HP: 18/25 MP: 2/2
   975 | D:2      | Reached XP level 3. HP: 28/30 MP: 3/3
  1152 | D:2      | Reached skill level 5 in Axes
  1416 | D:2      | Reached XP level 4. HP: 37/37 MP: 4/4
  1422 | D:2      | Reached skill level 1 in Armour
  1812 | D:3      | Noticed Ijyb
  1816 | D:3      | Found a snail-covered altar of Cheibriados.
  1823 | D:3      | Paralysed by Ijyb for 2 turns
  1831 | D:3      | Killed Ijyb
  1832 | D:3      | Reached XP level 5. HP: 31/44 MP: 5/5
  2173 | D:3      | Upgraded the game from 0.26-a0-844-g3dd439832f to
                  | 0.26-a0-850-g97a50ab700
  2368 | D:4      | Noticed an ogre
  2399 | D:4      | Killed an ogre
  2400 | D:4      | Reached skill level 6 in Axes
  2400 | D:4      | Reached skill level 1 in Slings
  2400 | D:4      | Reached XP level 6. HP: 18/51 MP: 6/6
  3222 | D:5      | Entered Level 5 of the Dungeon
  3379 | D:5      | Reached skill level 1 in Stealth
  3448 | D:5      | Reached XP level 7. HP: 57/57 MP: 7/7
  3501 | D:5      | Found a staircase to the Ecumenical Temple.
  3507 | D:5      | Noticed Pikel
  3508 | Temple   | Entered the Ecumenical Temple
  3554 | Temple   | Became a worshipper of Uskayaw the Reveller
  3579 | Temple   | Reached * piety under Uskayaw
  3581 | Temple   | Reached ** piety under Uskayaw
  3703 | D:5      | Killed Pikel
  3703 | D:5      | Reached *** piety under Uskayaw
  3704 | D:5      | Reached skill level 7 in Axes
  3704 | D:5      | Reached XP level 8. HP: 67/67 MP: 8/8
  3709 | D:5      | Reached **** piety under Uskayaw
  3734 | D:5      | Found a glowing golden altar of the Shining One.
  3734 | D:5      | Found a glowing silver altar of Zin.
  3784 | D:5      | Found a stormy altar of Qazlal.
  3813 | D:5      | Reached skill level 8 in Axes
  4023 | D:5      | Found Saemoik's Antique Armour Shoppe.
  4300 | D:6      | Found Lypef's Armour Boutique.
  4374 | D:6      | Reached skill level 5 in Fighting
  4387 | D:6      | Noticed Blork the orc
  4401 | D:6      | Killed Blork the orc
  4401 | D:6      | Reached ***** piety under Uskayaw
  4854 | D:6      | Reached XP level 9. HP: 71/73 MP: 9/9
  5026 | D:6      | Reached skill level 9 in Axes
  5260 | D:6      | Found an opulent altar of Gozag.
  5378 | D:6      | Reached skill level 1 in Maces & Flails
  5378 | D:6      | Reached skill level 5 in Armour
  5386 | D:6      | Found a bloodstained altar of Trog.
  5482 | D:7      | Got a glimmering scale mail
  5493 | D:7      | Identified the +1 scale mail "March" {rElec rC+} (You found
                  | it on level 7 of the Dungeon)
  5607 | D:7      | Reached ****** piety under Uskayaw
  5732 | D:7      | Reached skill level 1 in Shields
  5736 | D:7      | Reached skill level 5 in Slings
  5968 | D:7      | Noticed Harold
  5992 | D:7      | Gained mutation: Your mind is acute. (Int +2) [potion of
                  | mutation]
  5992 | D:7      | Gained mutation: You can translocate small distances at
                  | will. [potion of mutation]
  5992 | D:7      | Gained mutation: You possess an exceptional clarity of
                  | mind. [potion of mutation]
  5992 | D:7      | HP: 2/78 [poisoned by Harold]
  5992 | D:7      | Mangled by Harold

Illustrated notes

Levels and vault maps discovered:
D:1:      kilobyte_arrival_exit_the_forest, layout_loops_cross
D:2:      layout_basic, minmay_pentomino_w2
D:3:      layout_rooms, overflow_temple_1_default, kennysheep_decorative_pillar,
          uniq_ijyb
D:4:      layout_loops_corners
D:5:      layout_basic, grunt_qazlal_sundering, grunt_temple_overflow_open,
          minmay_temple_entry_tees, gup_sewer_entry_pipe, serial_shops, shop,
          kennysheep_potato, uniq_pikel
D:6:      layout_loops_ring, marbit_many_paths, kennysheep_little_box,
          serial_shops, nicolae_shop_crystal, uniq_blork_the_orc
D:7:      layout_basic, uniq_harold
Temple:   regret_index_temple_waves

Skill      XL: |  1  2  3  4  5  6  7  8  9 |
---------------+----------------------------+-----
Throwing       | 2 |  2.9
Axes           | 5 6 7 8 9 |  9.3
Armour         | 2 4 5 |  5.3
Fighting       | 3 4 6 |  6.8
Slings         | 1 2 3 4 5 |  5.1
Stealth        | 1 2 |  2.8
Dodging        | 3 |  3.8
Maces & Flails | 3 |  3.2
Shields        | 1 |  1.4

Action                   |  1- 3 |  4- 6 |  7- 9 || total
-------------------------+-------+-------+-------++-------
Melee: War axe           |   112 |    68 |   176 ||   356
       Whip              |       |       |   102 ||   102
 Fire: Hunting sling     |       |    70 |    81 ||   151
Throw: Throwing net      |     1 |       |     1 ||     2
       Javelin           |     3 |    11 |    32 ||    46
  Use: Scroll            |       |     5 |     6 ||    11
       Potion            |       |       |     5 ||     5
 Stab: Paralysed         |       |       |     7 ||     7
Armor: Leather armour    |    21 |       |       ||    21
       Scale mail        |    33 |    25 |   109 ||   167
Dodge: Dodged            |    74 |    44 |   143 ||   261
Block: Buckler           |       |       |    17 ||    17

Table legend: (Time is in decaauts)
 A = Elapsed time spent in this place.
 B = Non-inter-level travel time spent in this place.
 C = Inter-level travel time spent in this place.
 D = Time resting spent in this place.
 E = Time spent auto-exploring this place.
 F = Levels seen in this place.
 G = Mean time per level.
                   A        B        C        D        E       F      G
               +--------+--------+--------+--------+--------+-----+--------+
         Total |   6047 |   5727 |    320 |    610 |   3106 |   8 |  755.9 |
       Dungeon |   5855 |   5581 |    274 |    564 |   3106 |   7 |  836.4 |
        Temple |    191 |    145 |     46 |     46 |      0 |   1 |  191.0 |
               +--------+--------+--------+--------+--------+-----+--------+

Top non-repeatable levels by time:
     D:6: 1160 daAuts
     D:1: 976 daAuts
     D:5: 908 daAuts
     D:4: 891 daAuts
     D:2: 766 daAuts
     D:3: 635 daAuts
     D:7: 516 daAuts
  Temple: 191 daAuts
